 Dungeon Crawl Stone Soup version 0.22-a0-303-g4a852b3 (webtiles) character file.

5200 Arum the Fighter (level 10, -8/87 HPs)
             Began as a Formicid Gladiator on Mar 27, 2018.
             Was an Initiate of Makhleb.
             Mangled by a troll (11 damage)
             ... on level 9 of the Dungeon.
             The game lasted 00:17:28 (7425 turns).

Arum the Fighter (Formicid Gladiator)               Turns: 7425, Time: 00:17:29

Health: -8/87      AC: 10    Str: 22    XL:     10   Next: 91%
Magic:  0/10       EV: 11    Int:  7    God:    Makhleb [......]
Gold:   382        SH:  0    Dex: 11    Spells: 9/9 levels left

rFire    . . .     SeeInvis +   g - +3 great sword (freeze) (curse)
rCold    . . .     Gourm    .   (no shield)
rNeg     . . .     Faith    .   o - +0 scale mail {MR+}
rPois    .         Spirit   +   (helmet unavailable)
rElec    .         Reflect  .   (no cloak)
rCorr    .         Harm     .   (no gloves)
MR       +++..                  e - +0 pair of boots
Stlth    ..........             k - amulet of guardian spirit
HPRegen  0.24/turn              j - ring of protection from magic
MPRegen  0.12/turn              s - ring of wizardry

@: no status effects
A: permanent stasis, dig shafts and tunnels, four strong arms, antennae 3,
hooves 1, clumsy 1
a: Dig, Shaft Self, Renounce Religion


You were on level 9 of the Dungeon.
You worshipped Makhleb.
Makhleb was noncommittal.
You were not hungry.

You visited 2 branches of the dungeon, and saw 10 of its levels.

You collected 382 gold pieces.

Inventory:

Hand Weapons
 g - a cursed +3 great sword of freezing (weapon)
 h - a +3 hand axe of electrocution
 n - a +0 vampiric hand axe
 x - the +3 dagger "Niebram" {venom, Dex+4 SInv}
   (You found it on level 6 of the Dungeon)

   It poisons the flesh of those it strikes.
   It affects your dexterity (+4).
   It lets you see invisible.
Missiles
 c - a throwing net (quivered)
Armour
 e - a +0 pair of boots (worn)
 o - a +0 scale mail of magic resistance (worn)
 r - a +2 ring mail of poison resistance
Jewellery
 j - a ring of protection from magic (left hand)
 k - an amulet of guardian spirit (around neck)
 l - an uncursed amulet of the acrobat
 s - a ring of wizardry (right hand)
Wands
 t - a wand of iceblast (4)
 z - a wand of flame (15)
Scrolls
 a - a scroll of fog
 b - a scroll of magic mapping
 f - a scroll of fear
 i - 6 scrolls of remove curse
 m - a scroll of identify
 p - 2 scrolls of noise
 q - a scroll of vulnerability {unknown}
 y - 2 scrolls of amnesia
Potions
 v - a potion of flight {unknown}
Comestibles
 d - 22 rations
 u - 2 chunks of flesh


   Skills:
 - Level 11.0 Fighting
 + Level 4.2 Long Blades
 + Level 5.3 Axes
 - Level 2.0 Throwing
 - Level 10.7 Armour
 - Level 2.6 Dodging


You had 9 spell levels left.
You didn't know any spells.

Dungeon Overview and Level Annotations

Branches:
Dungeon (9/15)             Temple (1/1) D:7
   Lair: D:8-11         Orc: D:9-12

Altars:
Ashenzari
Cheibriados
Dithmenos
Elyvilon
Fedhas
Gozag
Hepliaklqana
Kikubaaqudgha
Makhleb
Nemelex Xobeh
Okawaru
Qazlal
Ru
Trog
Uskayaw
Vehumet
Wu Jian
Xom
Yredelemnul
Zin
The Shining One

Shops:
D:8 (

Annotations:
D:6 2 transporters


Innate Abilities, Weirdness & Mutations

You cannot be hasted, slowed, berserked, paralysed or teleported.
You can dig through walls and to a lower floor.
Your four strong arms can wield two-handed weapons with a shield.
You have a pair of large antennae on your head. (SInv)
You have large cloven feet.
You are clumsy. (Dex -2)


Message History

The troll claws you.
There is an open door here.
You are too injured to fight recklessly!
You are too injured to fight recklessly!
You are too injured to fight recklessly!
You slash the troll! You freeze the troll.
The troll is moderately wounded.
The troll bites you. The troll claws you.
The troll claws you but does no damage.
You slash the troll! You freeze the troll.
The troll is severely wounded.
The troll bites you!
* * * LOW HITPOINT WARNING * * *
The troll barely misses you. The troll claws you!
* * * LOW HITPOINT WARNING * * *
The big kobold hits you with a short sword!
* * * LOW HITPOINT WARNING * * *
The troll bites you but does no damage. The troll claws you but does no damage.
The troll claws you!
You die...

#.# ####.# ##### #.)..#
#..... #######'######
#..... #............#
#....
#...........[#####....
#............##....##
#............##.....#
#............@T..P.##
#...........K##.....##+##
#.)......(.....K...##...#
##############.....'....#
##....'....# #....##...#
#.....##+## #..P.##
#.....#


You could see a troll and a big kobold.

Vanquished Creatures
  A two-headed ogre (D:9)
  An unseen horror (D:8)
  A troll (D:8)
  2 hippogriffs
  A hungry ghost (D:7)
  A water moccasin (D:6)
  3 orc warriors
  2 ice beasts
  3 ogres
  3 centaurs
  2 bullfrogs
  3 scorpions
  5 killer bees (D:7)
  9 wights
  4 crimson imps
  2 quasits
  3 hounds
  2 jellies
  2 centaur skeletons
  An orc priest (D:7)
  A gnoll shaman (D:6)
  Jessica (D:2)
  3 iguanas
  Terence (D:2)
  5 orc wizards
  Natasha (thrice) (D:2)
  12 worker ants
  13 adders
  8 gnolls
  2 shadow imps
  2 oozes
  3 adder skeletons
  2 worms (D:3)
  A dart slug (D:3)
  3 leopard geckos
  30 orcs
  A ball python (D:1)
  6 bats
  3 giant cockroaches
  3 goblins
  2 hobgoblins
  14 jackals
  5 quokkas
  2 frilled lizards
  2 kobolds
  A leopard gecko zombie (D:5)
  A quokka zombie (D:5)
  5 rats
186 creatures vanquished.

Notes
Turn   | Place    | Note
-------+----------+-------------------------------------------
     0 | D:1      | Arum the Formicid Gladiator began the quest for the Orb.
     0 | D:1      | Reached XP level 1. HP: 16/16 MP: 1/1
   172 | D:1      | Reached skill level 1 in Armour
   172 | D:1      | Reached XP level 2. HP: 18/23 MP: 2/2
   535 | D:2      | Reached skill level 3 in Fighting
   535 | D:2      | Reached XP level 3. HP: 27/29 MP: 3/3
   714 | D:2      | Noticed Jessica
   723 | D:2      | Killed Jessica
   723 | D:2      | Reached XP level 4. HP: 28/35 MP: 4/4
   960 | D:2      | Noticed Terence
   968 | D:2      | Killed Terence
  1028 | D:2      | Noticed Natasha
  1032 | D:2      | Killed Natasha
  1032 | D:2      | Reached skill level 4 in Fighting
  1032 | D:2      | Reached XP level 5. HP: 42/42 MP: 5/5
  1226 | D:2      | Noticed Natasha
  1236 | D:2      | Killed Natasha
  1346 | D:2      | Noticed Natasha
  1351 | D:2      | Killed Natasha
  1489 | D:3      | Reached XP level 6. HP: 49/49 MP: 6/6
  1511 | D:3      | Reached skill level 5 in Fighting
  1625 | D:3      | Found a sparkling altar of Nemelex Xobeh.
  2098 | D:4      | Reached skill level 5 in Armour
  2098 | D:4      | Reached XP level 7. HP: 53/56 MP: 7/7
  2239 | D:4      | Reached skill level 6 in Fighting
  2732 | D:4      | Found an ancient bone altar of Kikubaaqudgha.
  3087 | D:5      | Entered Level 5 of the Dungeon
  3102 | D:5      | Reached XP level 8. HP: 50/65 MP: 8/8
  3172 | D:5      | Reached skill level 7 in Fighting
  3801 | D:6      | Got a fine dagger
  3812 | D:6      | Reached skill level 8 in Fighting
  3819 | D:6      | Reached XP level 9. HP: 67/75 MP: 9/9
  3906 | D:6      | Identified the +3 dagger "Niebram" {venom, Dex+4 SInv} (You found it on level 6 of the Dungeon)
  3988 | D:6      | Found a shattered altar of Ashenzari.
  3990 | D:6      | Noticed a troll
  3992 | D:6      | Found a transporter.
  4006 | D:6      | Found a transporter.
  4302 | D:6      | Reached skill level 9 in Fighting
  4707 | D:7      | Gained mutation: You are clumsy. (Dex -2) [potion of mutation]
  4707 | D:7      | Gained mutation: You have large cloven feet. [potion of mutation]
  4975 | D:7      | Found a staircase to the Ecumenical Temple.
  4987 | D:7      | Paralysed by fainting for 11 turns
  4998 | D:7      | Reached skill level 10 in Fighting
  5026 | Temple   | Entered the Ecumenical Temple
  5250 | Temple   | Became a worshipper of Makhleb the Destroyer
  5311 | D:7      | Reached skill level 10 in Armour
  5311 | D:7      | Reached XP level 10. HP: 55/85 MP: 10/10
  5541 | D:7      | Found an ornate altar of the Wu Jian Council.
  6025 | D:7      | Found a shimmering altar of Xom.
  6311 | D:8      | Found an iron altar of Okawaru.
  6312 | D:8      | Found a shadowy altar of Dithmenos.
  6313 | D:8      | Found a stormy altar of Qazlal.
  6338 | D:8      | Reached skill level 11 in Fighting
  6402 | D:8      | Found Atiwkuot's Weapon Shoppe.
  6910 | D:8      | Reached skill level 1 in Long Blades
  7050 | D:8      | Found a sacrificial altar of Ru.
  7053 | D:8      | Found a bloodstained altar of Trog.
  7053 | D:8      | Noticed an unseen horror
  7062 | D:8      | Killed an unseen horror
  7067 | D:8      | Found a radiant altar of Vehumet.
  7076 | D:8      | Found a glowing silver altar of Zin.
  7354 | D:9      | Noticed a two-headed ogre
  7374 | D:9      | Killed a two-headed ogre
  7374 | D:9      | Reached skill level 5 in Axes
  7425 | D:9      | HP: 3/87 [big kobold/short sword (5)]
  7425 | D:9      | Mangled by a troll

Vault maps used:
D:1:      evilmike_arrival_plus
D:2:      uniq_terence, uniq_jessica, uniq_natasha
D:3:      nemelex_dance_club_becter
D:4:      kiku_gazebo_pond_becter, hangedman_decor_peaks_small
D:5:      first_ration
D:6:      gammafunk_temple_overflow_arena
D:7:      kennysheep_little_box, minmay_temple_entry_mist, basic_altar
D:8:      minitemple, grunt_temple_overflow_cloverleaf, serial_shops,
          nicolae_shop_competitors_out_of_business
D:9:      marbit_many_paths, blue_anna_alchemist, nicolae_underground_beach
Temple:   minmay_temple_curvy_loop

Skill      XL: |  1  2  3  4  5  6  7  8  9 10 |
---------------+-------------------------------+-----
Armour         | 1 2 3 5 6 7 10 | 10.7
Fighting       | 3 4 5 6 8 10 11 | 11.0
Long Blades    | 4 |  4.2
Axes           | 5 |  5.3
Throwing       | |  2.0
Dodging        | |  2.6

Action                   |  1- 3 |  4- 6 |  7- 9 | 10-12 || total
-------------------------+-------+-------+-------+-------++-------
Melee: Hand axe          |    46 |   120 |   228 |    34 ||   428
       War axe           |     1 |       |       |       ||     1
       Dagger            |       |       |     7 |       ||     7
       Kick              |       |       |     1 |       ||     1
       Great sword       |       |       |       |    71 ||    71
Throw: Throwing net      |       |       |       |     4 ||     4
Evoke: Wand              |       |       |     6 |     3 ||     9
  Use: Scroll            |       |     9 |     5 |     2 ||    16
       Potion            |       |       |     8 |     1 ||     9
 Stab: Sleeping          |     1 |       |       |       ||     1
       Held in net/web   |       |       |       |     2 ||     2
  Eat: Chunk             |       |     4 |     9 |     7 ||    20
       Ration            |       |       |     1 |       ||     1
Armor: Leather armour    |    14 |     2 |       |       ||    16
       Scale mail        |       |    48 |     4 |    13 ||    65
       Ring mail         |       |       |   108 |    48 ||   156
       Skin              |       |       |    54 |       ||    54
Dodge: Dodged            |    24 |    84 |   175 |    99 ||   382
       Rpst.: Great sword |       |       |       |    17 ||    17

Table legend:
 A = Spawn XP
 B = Non-spawn XP
 C = Spawn XP percentage of total XP
 D = Spawn monster count
 E = Non-spawn monster count
 F = Spawn count percentage of total count
 G = Total turns spent on level
                    A         B        C        D         E        F      G
               +---------+---------+-------+---------+---------+-------+---------
         Total |       0 |    7429 |   0.0 |       0 |     186 |   0.0 |  7425
               +---------+---------+-------+---------+---------+-------+---------
           D:1 |       0 |      20 |   0.0 |       0 |      10 |   0.0 |   523
           D:2 |       0 |     226 |   0.0 |       0 |      17 |   0.0 |   850
           D:3 |       0 |     227 |   0.0 |       0 |      33 |   0.0 |   701
           D:4 |       0 |     367 |   0.0 |       0 |      18 |   0.0 |  1013
           D:5 |       0 |     711 |   0.0 |       0 |      30 |   0.0 |   657
           D:6 |       0 |    1214 |   0.0 |       0 |      27 |   0.0 |  1233
           D:7 |       0 |    1628 |   0.0 |       0 |      31 |   0.0 |   941
           D:8 |       0 |    1757 |   0.0 |       0 |      16 |   0.0 |  1121
           D:9 |       0 |    1279 |   0.0 |       0 |       4 |   0.0 |   138
               +---------+---------+-------+---------+---------+-------+---------
